Map: Honorgrounds LE

Players

sdGuenni - Winner!

  • Race: Zerg Zerg
  • League: Diamond
  • Spawn Location: 5:00

Musumeci

  • Race: Zerg Zerg
  • League: Diamond
  • Spawn Location: 7:00

VOD

Have the link to the VOD?

Description

Time

  • Played on: Jan. 25, 2017, 3:23 p.m.
  • Length: 17:43
Show
View Real Time Build Order
Export as new Build Order

sdGuenni Zerg - Winner!

Build Orders: Hatch First, Zergling Baneling 

Get SALT Encoding   

  12  0:01  Drone  
  13  0:16  Overlord  
  13  0:20  Drone  
  14  0:35  Drone x2  
  16  0:38  Drone  
  17  0:57  Hatchery  
  17  1:01  Drone  
  17  1:03  Extractor  
  17  1:04  Drone  
  17  1:17  Spawning Pool  
  16  1:20  Drone  
  17  1:28  Overlord  
  17  1:34  Drone  
  18  1:42  Drone  
  19  2:04  Metabolic Boost  
  19  2:05  Queen  
  21  2:08  Queen  
  21  2:10  Zergling x2  
  24  2:17  Drone  
  24  2:20  Zergling x2  
  26  2:24  Baneling Nest  
  26  2:27  Drone  
  26  2:32  Drone  
  26  2:35  Drone  
  28  2:38  Zergling x2  
  29  2:48  Drone  
  29  2:51  Zergling x4  
  32  2:55  Zergling x2  
  33  3:00  Drone  
  33  3:05  Overlord  
  34  3:11  Zergling x2  
  35  3:15  Zergling x2  
  36  3:23  Zergling x12  
  42  3:34  Zergling x4  
  44  3:39  Baneling x7  
  44  3:54  Overlord  
  39  4:14  Zergling x2  
  39  4:15  Zergling x14  
  43  4:30  Drone x2  
  43  4:31  Drone  
  46  4:36  Hatchery  
  45  4:39  Baneling x2  
  45  4:40  Baneling  
  45  4:42  Baneling x3  
  45  4:46  Drone x2  
  45  4:50  Roach Warren  
  45  4:52  Drone  
  47  4:56  Extractor  
  45  5:04  Baneling  
  45  5:05  Baneling  
  44  5:10  Zergling x4  
  44  5:11  Baneling x3  
  44  5:16  Zergling x4  
  44  5:17  Drone  
  47  5:24  Baneling  
  47  5:34  Baneling  
  42  5:45  Baneling x2, Zergling x8  
  42  5:46  Zergling x4  
  42  5:49  Queen  
  41  6:04  Zergling x2  
  41  6:05  Zergling x18  
  41  6:07  Baneling x2  
  51  6:16  Roach  
  52  6:33  Queen, Baneling  
  52  6:34  Drone x4  
  52  6:36  Overlord x2  
  43  6:56  Zergling x2  
  43  6:57  Zergling x12  
  43  6:58  Zergling x6  
  47  7:02  Roach  
  48  7:09  Zergling x4  
  48  7:10  Zergling x2  
  48  7:13  Zergling x4  
  48  7:32  Roach x4  
  48  7:36  Roach  
  48  7:37  Roach x2  
  55  7:42  Zergling x2  
  55  7:43  Zergling x2  
  52  7:51  Zergling x6  
  47  8:04  Zergling x4  
  40  8:13  Zergling x2  
  40  8:14  Zergling x8  
  40  8:15  Baneling x2  
  45  8:24  Drone  
  45  8:28  Drone  
  46  8:40  Drone x3  
  49  8:44  Drone  
  50  8:49  Drone  
  50  8:52  Baneling x2  
  50  8:53  Baneling  
  51  9:11  Baneling  
  51  9:12  Baneling x2  
  51  9:13  Roach  
  51  9:14  Roach x2  
  57  9:20  Drone  
  57  9:21  Drone x3  
  61  9:25  Extractor  
  60  9:34  Drone  
  60  9:35  Drone x3  
  64  9:39  Drone  
  65  9:48  Queen  
  67  9:54  Overlord  
  67  9:55  Overlord  
  63  10:16  Drone  
  63  10:17  Drone x2  
  63  10:21  Drone  
  67  10:25  Hatchery, Baneling x3  
  66  10:30  Lair  
  66  10:45  Roach x3, Extractor  
  71  10:50  Drone x3  
  71  10:52  Drone  
  75  11:01  Overlord  
  75  11:02  Overlord  
  75  11:22  Drone x4  
  75  11:23  Drone x5  
  84  11:28  Hydralisk Den  
  84  11:31  Glial Reconstitution  
  83  11:39  Queen  
  85  11:49  Overlord x2  
  85  11:58  Muscular Augments  
  85  12:02  Hydralisk x3  
  91  12:10  Hydralisk x2  
  91  12:11  Hydralisk  
  97  12:16  Hydralisk  
  97  12:20  Overlord  
  99  12:23  Hydralisk  
  99  12:24  Hydralisk  
  103  12:32  Hydralisk  
  103  12:36  Hydralisk x3  
  111  12:41  Drone x2  
  111  12:43  Drone x2  
  115  12:50  Drone x4  
  119  13:11  Drone, Extractor  
  119  13:12  Drone x3, Extractor  
  121  13:13  Drone  
  121  13:15  Overlord x4  
  122  13:20  Overlord x3  
  122  13:32  Overlord x3  
  122  13:40  Roach  
  122  13:41  Roach x3  
  123  13:56  Roach  
  123  13:57  Roach x6  
  127  14:10  Roach  
  127  14:11  Roach x5  
  127  14:16  Unknown  
  137  14:18  Ravager  
  137  14:19  Ravager x9  
  137  14:20  Ravager  
  131  14:48  Hydralisk  
  131  14:49  Hydralisk x8  
  149  15:04  Hatchery  
  148  15:25  Roach x7  
  148  15:26  Roach x4  
  168  15:37  Hydralisk  
  168  15:38  Hydralisk x3  
  157  16:00  Hydralisk x7  
  157  16:01  Hydralisk  
  150  16:10  Hydralisk x2  
  150  16:29  Hydralisk x4  
  150  16:30  Hydralisk x2  
  150  17:06  Hydralisk  
  150  17:07  Hydralisk x8  
Show
View Real Time Build Order
Export as new Build Order

Musumeci Zerg 

Build Orders: Hatch First, Zergling Baneling 

Get SALT Encoding   

  12  0:01  Drone  
  13  0:09  Drone  
  14  0:20  Overlord  
  14  0:27  Drone, Extractor  
  14  0:28  Extractor  
  13  0:30  Drone  
  16  0:40  Drone  
  17  0:44  Drone  
  18  1:01  Hatchery  
  17  1:06  Drone x2  
  19  1:23  Spawning Pool  
  19  1:24  Drone  
  19  1:27  Extractor  
  19  1:29  Drone  
  19  1:40  Drone  
  20  1:56  Drone  
  20  1:59  Drone  
  22  2:12  Queen, Overlord  
  22  2:14  Queen  
  22  2:15  Zergling x2  
  27  2:31  Metabolic Boost  
  27  2:35  Zergling x2  
  27  2:36  Zergling x6  
  31  2:48  Baneling Nest  
  31  2:49  Zergling x4  
  32  2:56  Overlord  
  31  3:05  Drone x2  
  33  3:18  Hatchery  
  32  3:23  Zergling x4  
  33  3:31  Baneling x2  
  33  3:32  Baneling x2  
  33  3:35  Zergling x4  
  35  3:43  Baneling  
  34  4:01  Baneling x3  
  35  4:02  Zergling x2  
  35  4:03  Zergling x10  
  38  4:14  Zergling x4  
  39  4:20  Baneling  
  39  4:33  Zergling x6  
  42  4:40  Evolution Chamber  
  42  4:43  Zergling x4  
  42  5:06  Baneling  
  42  5:07  Baneling x3  
  31  5:36  Baneling  
  31  5:37  Baneling x2  
  31  5:40  Baneling  
  31  5:45  Zergling x2  
  31  5:46  Zergling x32  
  41  6:07  Zergling x4  
  41  6:08  Zergling x14  
  40  6:40  Baneling  
  40  6:41  Zergling x2  
  40  6:42  Zergling x18  
  40  6:45  Zerg Ground Armor Level 1  
  39  6:57  Zergling x10  
  43  7:07  Baneling  
  41  7:21  Zergling x16  
  46  7:29  Zergling x4  
  46  7:39  Baneling x2  
  37  8:00  Zergling x18  
  41  8:28  Zergling x16  
  49  8:36  Drone  
  50  8:45  Baneling  
  50  8:46  Baneling  
  50  8:52  Overlord  
  49  9:07  Drone x2  
  49  9:15  Drone x5  
  54  9:23  Lair  
  54  9:26  Extractor  
  53  9:37  Queen  
  54  9:48  Zerg Missile Weapons Level 1  
  54  9:49  Roach Warren  
  54  9:51  Drone x4  
  57  9:52  Extractor  
  54  10:12  Zergling x18  
  44  10:28  Overlord  
  44  10:30  Roach x3  
  44  10:32  Drone x2  
  52  10:42  Roach x3  
  58  10:47  Drone  
  58  10:48  Drone  
  60  10:53  Glial Reconstitution  
  60  11:02  Roach x3  
  66  11:07  Overlord  
  66  11:22  Spine Crawler, Drone  
  66  11:23  Spine Crawler, Drone  
  66  11:47  Roach x4  
  71  12:12  Roach  
  73  12:18  Drone  
  73  12:19  Overlord x4  
  73  12:20  Overlord x2  
  74  12:31  Overlord x2  
  74  12:32  Overlord x2  
  74  12:49  Roach x11  
  96  12:53  Ravager x3  
  96  12:54  Ravager x3  
  101  13:08  Roach x4  
  109  13:25  Roach x4  
  109  13:27  Overlord  
  117  13:34  Drone  
  117  13:35  Drone x5  
  117  13:36  Extractor  
  117  13:41  Overseer  
  103  14:07  Roach x9  
  101  14:31  Roach x9  
  97  14:47  Roach x6  
  102  15:00  Drone  
  102  15:01  Drone x7  
  102  15:05  Extractor x2  
  108  15:10  Hydralisk Den  
  108  15:13  Roach x2  
  105  15:39  Roach  
  105  15:40  Roach x3  
  62  16:04  Roach  
  62  16:05  Roach x12  
  42  16:33  Drone  
  42  16:34  Drone x8  
  42  16:39  Ravager x2  
  42  16:41  Roach x3  
Tags
 
Add a new tag
Caveats
  • Supply blocks, unpowered buildings, or Contaminate may cause inaccurate times.
  • Supply counts are checked every 10 seconds.